 Dungeon Crawl Stone Soup version 0.28.0-43-g3370ac3207 (webtiles) character file.

Game seed: 10489108982879202170

78 Peloso the Shield-Bearer (level 4, -4/40 HPs)
             Began as a Minotaur Fighter on Mar 27, 2022.
             Slain by Grinder (5 damage)
             ... on level 3 of the Dungeon.
             The game lasted 00:01:35 (1558 turns).

Peloso the Shield-Bearer (Minotaur Fighter)         Turns: 1558, Time: 00:01:36

Health: -4/40      AC:  8    Str: 20    XL:     4   Next: 15%
Magic:  3/3        EV:  9    Int:  5    God:
Gold:   72         SH:  5    Dex: 12    Spells: 3/3 levels left

rFire   . . .      SeeInvis .   a - +0 long sword
rCold   . . .      Faith    .   c - +0 buckler
rNeg    . . .      Spirit   .   b - +0 scale mail
rPois   .          Reflect  .   (helmet restricted)
rElec   .          Harm     .   (no cloak)
rCorr   .          Rampage  .   (no gloves)
Will    .....                   k - +0 pair of boots
Stlth   ..........              (no amulet)
HPRegen 0.13/turn               (no ring)
MPRegen 0.08/turn               (no ring)

@: no status effects
A: horns 2, retaliatory headbutt
a: no special abilities


You were on level 3 of the Dungeon.
You visited 1 branch of the dungeon, and saw 3 of its levels.

You collected 72 gold pieces.

Inventory:

Hand Weapons
 a - a +0 long sword (weapon)
Armour
 b - a +0 scale mail (worn)
 c - a +0 buckler (worn)
 k - a +0 pair of boots (worn)
Scrolls
 e - a scroll of amnesia {unknown}
 f - a scroll of noise {unknown}
 g - a scroll of summoning {unknown}
 j - 2 scrolls of vulnerability {unknown}
 l - a scroll of teleportation {unknown}
 m - a scroll of identify {unknown}
Potions
 d - a potion of might
 h - 2 potions of haste {unknown}
 i - a potion of curing {unknown}


   Skills:
 + Level 4.2 Fighting
 + Level 3.0 Long Blades
 + Level 4.5 Armour
 + Level 0.1 Dodging
 + Level 0.1 Stealth
 + Level 4.6 Shields


You had 3 spell levels left.
You didn't know any spells.
Your spell library was empty.

Dungeon Overview and Level Annotations

Branches:
Dungeon (3/15)

Altars:

Annotations:
D:3 Grinder


Innate Abilities, Weirdness & Mutations

You have a pair of horns on your head.
You reflexively headbutt those who attack you in melee.


Message History

Grinder gestures at you. You resist with significant effort.
Grinder blinks!
You can move again.
Unknown command.
Grinder gestures at you. Pain shoots through your body!
Unknown command.
There is an open door here.
Unknown command.
Unknown command.
You closely miss Grinder. You headbutt Grinder, but do no damage.
Grinder blinks!
Unknown command.
Grinder hits you.
You writhe in agony.
You closely miss Grinder. Grinder hits you but does no damage.
Grinder blinks!
Grinder gestures at you.
You suddenly lose the ability to move!
Grinder hits you but does no damage. x3
Grinder hits you!
* * * LOW HITPOINT WARNING * * *
You writhe in agony.
* * * LOW HITPOINT WARNING * * *
You can move again.
You see here 17 arrows.
You barely miss Grinder. Grinder hits you.
* * * LOW HITPOINT WARNING * * *
You writhe in agony.
* * * LOW HITPOINT WARNING * * *
Unknown command.
Grinder is nearby!
You hit Grinder but do no damage. Your headbutt misses Grinder.
Grinder hits you but does no damage.
Unknown command.
You hit Grinder. You headbutt Grinder.
Grinder is moderately wounded.
Grinder hits you.
* * * LOW HITPOINT WARNING * * *
You writhe in agony.
You die...

#.................#
#####.####........# #.# #.#
###>#.#.## #.# #.# #.#)#.# #.#
##'## #.#...# #.# ##...##
#.###.# ###.# ##.....##
#.###.#### ##.#.#
##..5....###.##.....#
####....###...@.....##...).<..#
..........'.........'.......#.#
####....###.........###.)..##.#
##.#.####.......## #.#..##.#
###..# ##..(..## #.#..##.# ##.#
##...## #.#..##.# #.# ##+##
#.#..##.# #.# #.# #.......#
#.######.# ####.####


You could see Grinder.

Vanquished Creatures
  Natasha (D:3)
  2 adders (D:2)
  A worm (D:2)
  A dart slug (D:3)
  A bat (D:1)
  4 endoplasms
  A giant cockroach (D:2)
  3 goblins
  3 hobgoblins (D:2)
  2 jackals (D:1)
  3 kobolds
  A quokka (D:2)
  5 frilled lizards
28 creatures vanquished.

Notes
Turn   | Place    | Note
-------+----------+-------------------------------------------
     0 | D:1      | Peloso the Minotaur Fighter began the quest for the Orb.
     0 | D:1      | Reached XP level 1. HP: 19/19 MP: 0/0
   219 | D:1      | Found a faded altar of an unknown god.
   480 | D:1      | Reached XP level 2. HP: 26/27 MP: 1/1
   908 | D:2      | Reached XP level 3. HP: 25/33 MP: 2/2
  1467 | D:3      | Noticed Natasha
  1472 | D:3      | Killed Natasha
  1473 | D:3      | Reached XP level 4. HP: 40/40 MP: 3/3
  1530 | D:3      | Noticed Grinder
  1534 | D:3      | Paralysed by Grinder for 7 turns
  1549 | D:3      | Paralysed by Grinder for 7 turns
  1558 | D:3      | HP: 1/40 [Grinder (3)]
  1558 | D:3      | Slain by Grinder

Illustrated notes

Levels and vault maps discovered:
D:1:      heliophobic_arrival_enchanted_forest, layout_basic,
          hellmonk_ecumenical_altar_run_dry, chequers_serial_rivers_large_a
D:2:      layout_loops_ring
D:3:      layout_loops_corners, gammafunk_ghost_nasty_kobolds, uniq_grinder,
          uniq_natasha, uniq_jessica

Skill      XL: |  1  2  3  4 |
---------------+-------------+-----
Shields        | 4 |  4.6
Fighting       | 4 |  4.2
Armour         | 4 |  4.5
Long Blades    | 3 |  3.0
Dodging        | |  0.1
Stealth        | |  0.1

Action                   |  1- 3 |  4- 6 || total
-------------------------+-------+-------++-------
Melee: Long sword        |    57 |     9 ||    66
       Headbutt          |     5 |     2 ||     7
Armor: Scale mail        |    31 |     6 ||    37
Dodge: Dodged            |    34 |       ||    34
Block: Buckler           |    18 |       ||    18
